 Dungeon Crawl Stone Soup version 0.30-a0-475-g03497ec522 (webtiles) character file.

Game seed: 12868285182039121513

212 holysushi the Conjurer (level 5, -1/30 HPs)
             Began as a Tengu Conjurer on Dec 21, 2022.
             Slain by a scorpion (6 damage)
             ... on level 4 of the Dungeon.
             The game lasted 00:06:15 (3813 turns).

holysushi the Conjurer (Tengu Conjurer)             Turns: 3813, Time: 00:06:16

Health: -1/30      AC:  2    Str:  7    XL:     5   Next: 89%
Magic:  1/9        EV: 15    Int: 25    God:
Gold:   261        SH:  0    Dex: 14    Spells: 2/8 levels left

rFire   . . .      SeeInvis .    (no weapon)
rCold   . . .      Faith    .    (no shield)
rNeg    . . .      Spirit   .    a - +0 robe
rPois   .          Reflect  .    (helmet restricted)
rElec   .          Harm     .    (no cloak)
rCorr   .          Rampage  .    (no gloves)
Will    .....                    (boots unavailable)
Stlth   ++........               (no amulet)
HPRegen 0.25/turn                f - +6 ring of intelligence
MPRegen 0.11/turn                l - +4 ring of slaying

@: lethally poisoned (-1 -> -8), flying quickly and evasively, quick
A: beak, talons 3, nimble flight
a: no special abilities


You were on level 4 of the Dungeon.
You visited 1 branch of the dungeon, and saw 4 of its levels.

You collected 261 gold pieces.

Inventory:

Armour
 a - a +0 robe (worn)
Jewellery
 c - a ring of protection from cold
 f - a +6 ring of intelligence (left hand)
 l - a +4 ring of slaying (right hand)
 m - a ring of positive energy
Scrolls
 e - a scroll of vulnerability
 h - a scroll of amnesia
 i - 2 scrolls of blinking
 j - a scroll of teleportation
 o - a scroll of brand weapon {unknown}
 p - 2 scrolls of enchant armour {unknown}
 q - a scroll of immolation {unknown}
 s - a scroll of torment {unknown}
Potions
 b - a potion of magic
 d - a potion of might
 g - 2 potions of heal wounds
 k - a potion of flight {unknown}
 n - 2 potions of mutation {unknown}
 r - a potion of ambrosia {unknown}
 t - a potion of attraction {unknown}
 u - a potion of haste


   Skills:
 - Level 2.0 Fighting
 + Level 3.6 Dodging
 - Level 2.0 Stealth
 - Level 2.0 Spellcasting
 + Level 7.8 Conjurations


You had 2 spell levels left.
You knew the following spells:

 Your Spells              Type           Power      Damage    Failure   Level
a - Magic Dart            Conj           100%       1d8       1%          1
b - Searing Ray           Conj           82%        2d7       1%          2
c - Dazzling Flash        Conj/Hex       44%        N/A       7%          3

Your spell library contained the following spells:

 Spells                   Type           Power      Damage    Failure   Level
 Fulminant Prism          Conj/Hex       11%        3d9       22%         4
 Iskenderun's Mystic Bla  Conj/Tloc      22%        2d6       22%         4


Dungeon Overview and Level Annotations

Branches:
Dungeon (4/15) Zot: 20279
 Temple: D:4-7

Altars:
Trog
Xom

Shops:
D:1 [


Innate Abilities, Weirdness & Mutations

You have a beak for a mouth.
You have claws for feet.
Your magical nature lets you fly swiftly and evasively.


Message History

You claw the scorpion, but do no damage.
Your peck misses the scorpion.
The scorpion is severely wounded.
The scorpion misses you.
You barely miss the scorpion.
The scorpion is severely wounded.
The scorpion closely misses you.
You hit the scorpion. You peck the scorpion.
The scorpion is almost dead.
The scorpion barely misses you.
You hit the scorpion but do no damage.
You claw the scorpion, but do no damage.
The scorpion is almost dead.
The scorpion stings you. The scorpion closely misses you.
You barely miss the scorpion.
The scorpion is almost dead.
The scorpion closely misses you.
You hit the scorpion but do no damage.
You claw the scorpion, but do no damage.
The scorpion is almost dead.
The scorpion stings you.
You are poisoned.
The scorpion poisons you!
You hit the scorpion but do no damage. Your kick misses the scorpion.
You peck the scorpion, but do no damage.
The scorpion is almost dead.
You feel very sick. The scorpion stings you!
* * * LOW HITPOINT WARNING * * *
You closely miss the scorpion. Your peck misses the scorpion.
The scorpion is almost dead.
* * * LOW HITPOINT WARNING * * *
You feel sick.
The scorpion stings you but does no damage.
You hit the scorpion but do no damage. Your kick misses the scorpion.
Your peck misses the scorpion.
The scorpion is almost dead.
* * * LOW HITPOINT WARNING * * *
You feel sick. The scorpion misses you. The scorpion stings you.
You die...

#....##.#
#.....#..
#....##.#
###'#.#..
#....#
.#.###
#....# .# #
# #....# .#
#.#####'##
#.......###
#.........#
##.###.@..#
# #.s..#
#....#
#....
#....#
#....
#..... ....
#...### ...
+...+ ..
#...# #.
###.


You could see a scorpion.

Vanquished Creatures
  An orc priest (D:4)
  An orc wizard (D:4)
  Robin (D:2)
  A gnoll (D:1)
  2 adders
  An ufetubus (D:4)
  3 worms
  A dart slug (D:2)
  11 orcs
  7 ball pythons
  9 endoplasms
  2 giant cockroaches (D:1)
  11 goblins
  13 hobgoblins
  3 jackals (D:2)
  4 quokkas
  3 bats
  3 frilled lizards
  3 kobolds
  3 rats
83 creatures vanquished.

Notes
Turn   | Place    | Note
-------+----------+-------------------------------------------
     0 | D:1      | holysushi the Tengu Conjurer began the quest for the Orb.
     0 | D:1      | Reached XP level 1. HP: 10/10 MP: 4/4
   206 | D:1      | Reached XP level 2. HP: 15/15 MP: 4/6
   248 | D:1      | Reached skill level 6 in Conjurations
   532 | D:1      | Reached XP level 3. HP: 15/19 MP: 2/7
   694 | D:1      | Found Ireedif's Antique Armour Emporium.
  1006 | D:2      | Learned a level 2 spell: Searing Ray
  1010 | D:2      | Learned a level 3 spell: Dazzling Flash
  1189 | D:2      | Reached skill level 7 in Conjurations
  1318 | D:2      | Reached XP level 4. HP: 24/24 MP: 1/8
  1647 | D:2      | Reached skill level 1 in Fighting
  1649 | D:2      | Noticed Robin
  1659 | D:2      | Killed Robin
  2184 | D:3      | Gained mutation: Your magical nature lets you fly swiftly
                  | and evasively. [Tengu growth]
  2184 | D:3      | Reached XP level 5. HP: 29/29 MP: 2/9
  2582 | D:3      | Found a shimmering altar of Xom.
  2583 | D:3      | Found a bloodstained altar of Trog.
  3813 | D:4      | Slain by a scorpion

Illustrated notes

Levels and vault maps discovered:
D:1:      lemuel_arrival_rhombus, layout_loops_cross, serial_shops,
          nicolae_shop_advertising_works [nicolae_subvault_shop_adworks]
D:2:      layout_rooms, uniq_robin
D:3:      layout_basic, nicolae_overflow_two_pavilions, lemuel_flame_loot_1
D:4:      layout_basic

Skill      XL: |  1  2  3  4  5 |
---------------+----------------+-----
Conjurations   | 6 7 |  7.8
Fighting       | 1 2 |  2.0
Dodging        | 3 |  3.6
Stealth        | |  2.0
Spellcasting   | |  2.0

Action                   |  1- 3 |  4- 6 || total
-------------------------+-------+-------++-------
Melee: Unarmed           |    16 |    24 ||    40
       Kick              |     2 |     8 ||    10
       Peck              |     3 |     3 ||     6
 Cast: Magic Dart        |    48 |    21 ||    69
       Searing Ray       |     4 |    32 ||    36
       Dazzling Flash    |     1 |       ||     1
  Use: Scroll            |       |     6 ||     6
 Stab: Sleeping          |     1 |       ||     1
Armor: Robe              |     4 |     5 ||     9
Dodge: Dodged            |    18 |    33 ||    51

Table legend: (Time is in decaauts)
 A = Elapsed time spent in this place.
 B = Non-inter-level travel time spent in this place.
 C = Inter-level travel time spent in this place.
 D = Time resting spent in this place.
 E = Time spent auto-exploring this place.
 F = Levels seen in this place.
 G = Mean time per level.
                   A        B        C        D        E       F      G
               +--------+--------+--------+--------+--------+-----+--------+
         Total |   3719 |   3606 |    113 |    680 |   2321 |   4 |  929.8 |
       Dungeon |   3719 |   3606 |    113 |    680 |   2321 |   4 |  929.8 |
               +--------+--------+--------+--------+--------+-----+--------+

Top non-repeatable levels by time:
     D:3: 1023 daAuts
     D:2: 1017 daAuts
     D:1: 954 daAuts
     D:4: 724 daAuts
